[Event "Early-Titled-Tuesday-Blitz-January-16-2024"]
[Site "Chess.com"]
[Date "2024.01.16"]
[Round "10"]
[White "FMVolodymyrSakun"]
[Black "finec2"]
[Result "1-0"]
[WhiteElo "2537"]
[BlackElo "2303"]
[TimeControl "180+1"]
[EndTime "9:57:24 PST"]
[Termination "FMVolodymyrSakun won on time"]

1. e4 c5 2. Nf3 e6 3. d4 cxd4 4. Nxd4 Nc6 5. Be3 Nf6 6. Bd3 Qc7 7. Nd2 d5 8. O-O a6 9. c3 Be7 10. f4 dxe4 11. Nxe4 O-O 12. Qf3 Nd5 13. Nxc6 Qxc6 14.
Bd4 f6 15. Rae1 Re8 16. Qh5 g6 17. Qf3 f5 18. Nf2 Bf6 19. Bxf6 Nxf6 20. Bc2 Qxf3 21. gxf3 Nd5 22. Nd3 b6 23. c4 Nc7 24. c5 b5 25. b4 Bb7 26. a4 Nd5 27. a5 Rad8 28. Kf2 Kg7 29. Rd1 Nc3 30. Rd2 Kf6 31. Ra1 Nd5 32.
Rad1 Re7 33. Ne5 Rc7 34. Bb3 1-0

[Event "Early-Titled-Tuesday-Blitz-January-16-2024"]
[Site "Chess.com"]
[Date "2024.01.16"]
[Round "10"]
[White "tptagain"]
[Black "starworld123"]
[Result "0-1"]
[WhiteElo "2944"]
[BlackElo "2856"]
[TimeControl "180+1"]
[EndTime "9:57:29 PST"]
[Termination "starworld123 won by resignation"]

1. d4 Nf6 2. Nf3 d5 3. e3 Bf5 4. c4 c6 5. Nc3 e6 6. Nh4 Be4 7.
f3 Bg6 8. Bd2 Nbd7 9. cxd5 exd5 10. Nxg6 hxg6 11. g3 Bd6 12. Kf2 g5 13. Bd3 Qc7 14.
Kg2 O-O-O 15. Nb5 Qb8 16. Rc1 a6 17. Nxd6+ Qxd6 18. b4 Rde8 19. a4 g4 20. fxg4 Ne4 21.
Bxe4 Rxe4 22. b5 Nb6 23. bxc6 bxc6 24. Qf3 Qe6 25. h3 Nc4 26. Rxc4 dxc4 27. Rb1 c3 28. Qf1 c5 29. d5 Qh6 30. Qf5+ Kd8 31. Bxc3 Qxh3+ 32. Kf3 Rxe3+ 33. Kxe3 Qxg3+ 34. Qf3 Re8+ 0-1

[Event "Early-Titled-Tuesday-Blitz-January-16-2024"]
[Site "Chess.com"]
[Date "2024.01.16"]
[Round "10"]
[White "Vesper2018"]
[Black "bubeliang"]
[Result "0-1"]
[WhiteElo "2575"]
[BlackElo "2776"]
[TimeControl "180+1"]
[EndTime "9:57:30 PST"]
[Termination "bubeliang won on time"]

1. e4 b6 2. d4 Bb7 3. Nc3 e6 4. a3 g6 5. f4 Bg7 6. Nf3 Ne7 7. Bd3 f5 8. O-O O-O 9. Qe2 c5 10. Be3 fxe4 11. Bxe4 d5 12. Ng5 Qd7 13. Bf3 cxd4 14. Bf2 dxc3 15. Nxe6 Re8 16. Nxg7 Kxg7 17. Bd4+ Kf8 18. Qe5 Ng8 19. Qh8 cxb2 20. Bxb2 Nc6 21. f5 gxf5 22. Bg4 Ke7 23. Bxf5 Qc7 24. Bxh7 Kd7 25. Bxg8 Rxg8 26. Qh7+ Ne7 27. Rf7 Qc5+ 28. Kh1 d4 29. Rg1 Raf8 30. Bxd4 Rxf7 31. Qxf7 Qxd4 32. c3 Bxg2+ 33. Rxg2 Qd1+ 0-1

[Event "Early-Titled-Tuesday-Blitz-January-16-2024"]
[Site "Chess.com"]
[Date "2024.01.16"]
[Round "10"]
[White "Bkmzzzzz"]
[Black "NelsonLinda"]
[Result "0-1"]
[WhiteElo "2408"]
[BlackElo "2600"]
[TimeControl "180+1"]
[EndTime "9:57:30 PST"]
[Termination "NelsonLinda won by resignation"]

1. e4 d5 2. exd5 Nf6 3. Nf3 Nxd5 4. c4 Nb6 5. Nc3 c5 6. d4 cxd4 7. Qxd4 Qxd4 8. Nxd4 e5 9. Ndb5 Na6 10. Be3 Bb4 11.
Bxb6 axb6 12. O-O-O O-O 13. Nd5 Bc5 14. f3 Nb4 15.
Nxb4 Bxb4 16. a3 Be7 17. Bd3 Bd7 18. Nc3 Be6 19. Kc2 Rac8 20. b3 Bxa3 21. Be4 Bc5 22.
Bxb7 Rcd8 23. Bd5 Bf5+ 24. Be4 Be6 25. Nb5 g6 26. Rxd8 Rxd8 27. Rd1 Rxd1 28. Kxd1 Kf8 29. h3 f5 30. Bc2 Ke7 31. Ke2 Kd7 32. Nc3 Kc6 33.
g4 h5 34. Nd1 hxg4 35. hxg4 fxg4 36. Bxg6 g3 37. Kf1 Bh3+ 38. Ke2 g2 39. Be4+ Kd6 0-1

[Event "Early-Titled-Tuesday-Blitz-January-16-2024"]
[Site "Chess.com"]
[Date "2024.01.16"]
[Round "10"]
[White "lilylg"]
[Black "UnTucopalaTimba"]
[Result "1-0"]
[WhiteElo "2115"]
[BlackElo "1982"]
[TimeControl "180+1"]
[EndTime "9:57:30 PST"]
[Termination "lilylg won by resignation"]

1. d4 Nf6 2. c4 e6 3. Nf3 d5 4. g3 Be7 5. Bg2 O-O 6. O-O dxc4 7. Qc2 b5 8. Ne5 Nd5 9. a3 Bb7 10. Nc3 Nd7 11. Nxb5 Nxe5 12. dxe5 a6 13. Nc3 Rb8 14. Rd1 c6 15. e4 Qa5 16. exd5 cxd5 17.
Ne2 Bc6 18. Bd2 Qb6 19. Bc3 Bc5 20. Nd4 Bd7 21. Rac1 Qc7 22. Qe2 Ba4 23. Rd2 Bd7 24.
Bf1 Bxd4 25. Bxd4 Rb3 26. Rc3 Rb7 27. b4 a5 28. Bc5 Ra8 29. Ra2 axb4 30. axb4 Rxa2 31.
Qxa2 Qxe5 32. Re3 Qc7 33. Ra3 h6 34. Ra8+ Kh7 35. Qc2+ g6 36. h4 h5 37. Be2 Kg7 38. Qc3+ e5 39. Ra6 Be6 40. Bd6 d4 41. Qf3 Qd7 42.
Bxe5+ Kh7 43. Qf6 1-0

[Event "Early-Titled-Tuesday-Blitz-January-16-2024"]
[Site "Chess.com"]
[Date "2024.01.16"]
[Round "10"]
[White "Adar_07"]
[Black "Jumbo"]
[Result "0-1"]
[WhiteElo "2663"]
[BlackElo "2920"]
[TimeControl "180+1"]
[EndTime "9:57:34 PST"]
[Termination "Jumbo won by resignation"]

1. Nf3 d5 2. c4 d4 3. e3 c5 4. exd4 cxd4 5. d3 Nc6 6. g3 e5 7.
Bg2 Bb4+ 8. Bd2 a5 9. O-O Nge7 10.
a3 Bd6 11. Ng5 O-O 12. f4 exf4 13. Bxf4 Bxf4 14. Rxf4 h6 15. Ne4 Nf5 16. Nbd2 Ne3 17. Qe2 f5 18. Nc5 g5 19. Rf2 Qd6 20. Qh5 Kg7 21. Ncb3 a4 22. c5 Qd8 23. Bxc6 bxc6 24. Nc1 Ra5 25. b4 axb3 26. Ncxb3 Ra4 27. Re1 Rxa3 28.
Rfe2 f4 29. Qf3 Bg4 30. Qxc6 Bxe2 31. Rxe2 fxg3 32. hxg3 Qb8 33. Nxd4 Qxg3+ 34. Rg2 Ra1+ 0-1

[Event "Early-Titled-Tuesday-Blitz-January-16-2024"]
[Site "Chess.com"]
[Date "2024.01.16"]
[Round "10"]
[White "wonderfultime"]
[Black "Zohid6"]
[Result "1-0"]
[WhiteElo "3008"]
[BlackElo "2835"]
[TimeControl "180+1"]
[EndTime "9:57:36 PST"]
[Termination "wonderfultime won by resignation"]

1. d4 e6 2. Nf3 Nf6 3. Bf4 b6 4. e3 Bb7 5. c4 Bb4+ 6. Nfd2 O-O 7.
a3 Bxd2+ 8. Nxd2 d6 9. Be2 Nbd7 10. O-O e5 11. dxe5 dxe5 12. Bg3 Qe7 13. b4 Rad8 14.
Qc2 Rfe8 15. Rfd1 Nf8 16. h3 Ng6 17. Rac1 h5 18. c5 h4 19. Bh2 Nh7 20. Nf3 Ng5 21.
Nxg5 Qxg5 22. Bf1 Bf3 23. Rxd8 Rxd8 24. a4 Ba8 25. c6 Ne7 26. b5 Rd6 27. Rd1 Qf6 28. Rxd6 Qxd6 29. f4 Nd5 30. fxe5 Qa3 31. Qd2 Qc5 32. Qd4 Nxe3 33. Qxc5 bxc5 34. e6 Nd5 35. exf7+ Kxf7 36. Bc4 Ke6 37. Bxc7 1-0

[Event "Early-Titled-Tuesday-Blitz-January-16-2024"]
[Site "Chess.com"]
[Date "2024.01.16"]
[Round "10"]
[White "doctorcristian"]
[Black "Witik"]
[Result "0-1"]
[WhiteElo "2556"]
[BlackElo "2757"]
[TimeControl "180+1"]
[EndTime "9:57:36 PST"]
[Termination "Witik won by resignation"]

1. d4 d5 2. Bf4 c5 3. c3 Nc6 4. e3 Qb6 5. Qb3 c4 6. Qxb6 axb6 7. e4 Nf6 8. Nd2 b5 9. Bg5 Nxe4 10. Nxe4 dxe4 11. f4 e6 12. a3 Bd6 13. Nh3 Ne7 14.
Bxe7 Kxe7 15. g3 f5 16. Rc1 h6 17. Be2 g5 18. Rf1 g4 19. Nf2 h5 20. Nd1 h4 21.
Ne3 Bd7 22. Kd2 hxg3 23. hxg3 Rh3 24. Rg1 Rah8 25. Rg2 Bc6 26. Rcg1 R8h6 27. Bd1 Kd7 28. Be2 Kd8 29. a4 bxa4 30. Bxc4 b5 31. Bxe6 Rxe6 32. d5 Bxd5 33. Nxd5 Bc5 34. Rd1 Rd6 35. Ke2 Kd7 36. Ne3 Bxe3 37. Rxd6+ Kxd6 38. Kxe3 Kc5 39. Rg1 Kc4 40. Rg2 Rh1 41. Kd2 Kb3 42. Ke3 Rb1 43. Rh2 Rxb2 44. Rh5 a3 45. Rxf5 Kxc3 46. Rc5+ Kb4 47.
Rc8 a2 48. Ra8 Kb3 49. Kxe4 Rb1 50. Ra5 b4 51. Kf5 a1=Q 52. Rxa1 Rxa1 53. Kxg4 Rf1 54. Kg5 Kc4 55. g4 b3 56. f5 b2 57. Kg6 b1=Q 58.
Kg5 Kd5 59. Kf6 Qb2+ 60. Kf7 Qe5 61. Kg6 Rg1 62. Kg5 Qe4 63. Kf6 Rxg4 0-1

[Event "Early-Titled-Tuesday-Blitz-January-16-2024"]
[Site "Chess.com"]
[Date "2024.01.16"]
[Round "10"]
[White "GMAkobianSTL"]
[Black "ninguno46"]
[Result "1/2-1/2"]
[WhiteElo "2692"]
[BlackElo "2550"]
[TimeControl "180+1"]
[EndTime "9:57:36 PST"]
[Termination "Game drawn by repetition"]

1. d4 Nf6 2. c4 e6 3. Nf3 c5 4. d5 exd5 5. cxd5 d6 6. Nc3 g6 7.
Bf4 Bg7 8. Qa4+ Bd7 9. Qb3 O-O 10.
Bxd6 Re8 11. Bxc5 Na6 12. Bd4 Qa5 13. e3 b5 14. Bxb5 Rab8 15. a4 Bxb5 16. Bxa7 Rb7 17. Nd4 Rxa7 18. Qxb5 Nb4 19. O-O Qxb5 20. Ndxb5 Rd7 21.
Rad1 Nfxd5 22. Nxd5 Rxd5 23. Rxd5 Nxd5 24. Rd1 Nb6 25.
b3 Bf8 26. a5 Na8 27. Kf1 Re5 28. Rd8 Rxb5 29. Rxa8 Rxb3 30. a6 Rb2 31. g3 Ra2 32.
h3 h5 33. g4 hxg4 34. hxg4 Kg7 35. Ra7 Bc5 36. Rc7 Bb6 37. Rc6 Rxa6 38. Kg2 Kf8 39.
g5 Kg7 40. Kf3 Ra5 41. Rxb6 Rxg5 42. Rb4 Rf5+ 43. Rf4 Ra5 44. Re4 f5 45. Re6 Kf7 46.
Rb6 g5 47. Kg3 Ra4 48. f3 Ra3 49. Kf2 Ra2+ 50. Kg3 Ra3 51. Kf2 Ra2+ 52. Kg3 Ra3 1/2-1/2

[Event "Early-Titled-Tuesday-Blitz-January-16-2024"]
[Site "Chess.com"]
[Date "2024.01.16"]
[Round "10"]
[White "GlavkonVVS"]
[Black "stratacticos"]
[Result "1-0"]
[WhiteElo "2444"]
[BlackElo "1968"]
[TimeControl "180+1"]
[EndTime "9:57:36 PST"]
[Termination "GlavkonVVS won by resignation"]

1. c4 Nf6 2. Nc3 c5 3. Nf3 b6 4. g3 Bb7 5. Bg2 g6 6. O-O Bg7 7. e3 O-O 8. d4 cxd4 9. exd4 Qc8 10. b3 d5 11. Nxd5 Nxd5 12. cxd5 Bxd5 13. Bg5 f6 14.
Be3 Qb7 15. Rc1 Nd7 16. Nh4 Bxg2 17. Nxg2 Rac8 18. Qe2 g5 19. h4 h6 20. Rc4 b5 21.
Rc2 Rxc2 22. Qxc2 Rc8 23. Qf5 Nf8 24. d5 a6 25. Rd1 Qd7 26. Qf3 Ng6 27. Bd4 gxh4 28. gxh4 Rd8 29. Bb2 Qd6 30. h5 Ne5 31. Qg3 e6 32. Ne3 exd5 33. Nf5 Qd7 34. Rxd5 Qxf5 35.
Rxd8+ Kh7 36. Bxe5 fxe5 37. Qg6+ Qxg6+ 38. hxg6+ Kxg6 39. Rd6+ Kf5 40. Rxa6 Bf8 41. a4 bxa4 42. bxa4 1-0

[Event "Early-Titled-Tuesday-Blitz-January-16-2024"]
[Site "Chess.com"]
[Date "2024.01.16"]
[Round "10"]
[White "artooon"]
[Black "Konavets"]
[Result "1-0"]
[WhiteElo "2987"]
[BlackElo "3134"]
[TimeControl "180+1"]
[EndTime "9:57:37 PST"]
[Termination "artooon won by resignation"]

1. e4 e5 2. Nf3 Nc6 3. Bc4 Nf6 4. Ng5 Bc5 5. Bxf7+ Ke7 6. Bb3 Rf8 7. O-O Qe8 8. d3 d6 9. Be3 Qg6 10. Bxc5 dxc5 11.
f4 exf4 12. Nf3 Ng4 13. Nc3 Nb4 14. a3 Ne3 15. Qd2 Nxf1 16. Rxf1 Nc6 17. Nd5+ Kd8 18.
Nxf4 Qe8 19. Ng5 Nd4 20. Nxh7 Nxb3 21. cxb3 Rf7 22. d4 Bd7 23. e5 cxd4 24. e6 Bxe6 25. Ng5 Rxf4 26. Rxf4 Bd7 27. Qxd4 Qe1+ 28. Rf1 Qe7 29.
Rf8+ Qxf8 30. Ne6+ Ke7 31. Nxf8 Rxf8 32. Qxg7+ Rf7 33.
Qe5+ Kd8 34. h4 Re7 35. Qh8+ Be8 36. g4 Re4 37. g5 Kd7 38. Kf2 Bf7 39. h5 Re8 40.
Qg7 Re7 41. g6 Bxb3 42. Qd4+ Ke8 43. h6 Bc2 44. h7 1-0

[Event "Early-Titled-Tuesday-Blitz-January-16-2024"]
[Site "Chess.com"]
[Date "2024.01.16"]
[Round "10"]
[White "Happy1712Drummer"]
[Black "HPanesso"]
[Result "0-1"]
[WhiteElo "2485"]
[BlackElo "2653"]
[TimeControl "180+1"]
[EndTime "9:57:37 PST"]
[Termination "HPanesso won on time"]

1. d4 d5 2. Nf3 Nf6 3. c4 dxc4 4. Nc3 Bf5 5. Ne5 e6 6. Nxc4 Nbd7 7. Bg5 c5 8. e3 Be7 9. Be2 O-O 10. O-O Rc8 11.
Qb3 cxd4 12. exd4 b6 13. Rfd1 Ne4 14. Nxe4 Bxe4 15. Nd6 Bxg5 16. Nxe4 Bf6 17. d5 exd5 18.
Rxd5 Qe7 19. Bg4 Nc5 20. Nxc5 Rxc5 21. Rad1 Rxd5 22. Qxd5 Bxb2 23. Bf3 a5 24. g3 Ba3 25. Qc6 Bc5 26. Kg2 g6 27. Rd2 Qg5 28. Re2 h5 29.
h4 Qf5 30. Qd5 Qxd5 31. Bxd5 Rd8 32. Bc4 Rd7 33. Rc2 Kg7 34. a4 Rd4 35. Bb5 Rb4 36. Re2 f6 37. Kf3 g5 38. hxg5 fxg5 39. Kg2 h4 40.
gxh4 gxh4 41. Kh3 Rf4 42. Re6 Bxf2 43. Bd3 Rd4 44. Be4 Rxa4 0-1

[Event "Early-Titled-Tuesday-Blitz-January-16-2024"]
[Site "Chess.com"]
[Date "2024.01.16"]
[Round "10"]
[White "Nouali_Mohamed"]
[Black "Soledadense88"]
[Result "0-1"]
[WhiteElo "2564"]
[BlackElo "2415"]
[TimeControl "180+1"]
[EndTime "9:57:37 PST"]
[Termination "Soledadense88 won on time"]

1. e4 c6 2. d4 d5 3. e5 Bf5 4. Nc3 e6 5. g4 Bg6 6. Nge2 c5 7. h4 Nc6 8. h5 Be4 9. Rh3 h6 10. Nxe4 dxe4 11. Rb3 cxd4 12. Rxb7 Nxe5 13. Nxd4 Bc5 14. Bb5+ Kf8 15. c3 Bxd4 16. cxd4 Qxd4 17. Qb3 Nf6 18.
Be3 Nf3+ 19. Ke2 Qe5 20. Rc1 Kg8 21. Rcc7 Rf8 22. Qb4 Kh7 23. Rxf7 Rxf7 24. Rxf7 Nd5 25. Qa3 Nxe3 26. Qxa7 Nxg4 27. a4 Qxb2+ 0-1

[Event "Early-Titled-Tuesday-Blitz-January-16-2024"]
[Site "Chess.com"]
[Date "2024.01.16"]
[Round "10"]
[White "gabduschew"]
[Black "Dinosaurio_1975"]
[Result "0-1"]
[WhiteElo "2457"]
[BlackElo "2635"]
[TimeControl "180+1"]
[EndTime "9:57:39 PST"]
[Termination "Dinosaurio_1975 won on time"]

1. b3 d5 2. Bb2 Nf6 3. e3 Bf5 4.
f4 e6 5. Nf3 Be7 6. Be2 h6 7.
Nd4 Bh7 8. O-O Nbd7 9. d3 c6 10. h3 Qc7 11. Nd2 O-O 12. c4 Nc5 13. N2f3 Ncd7 14.
Rc1 a5 15. cxd5 exd5 16. a3 Rfe8 17. Qd2 Bc5 18. Kh2 Qd6 19. a4 Re7 20. Rfe1 Rae8 21. Bf1 Rxe3 22. g3 Rxe1 23. Rxe1 Rxe1 24. Qxe1 Qe7 25.
Qxa5 Qe3 26. Qd8+ Nf8 27. Bg2 Bxd3 28. Qc8 Qf2 29. Bc3 Bf1 30. Ne1 Bxg2 0-1

[Event "Early-Titled-Tuesday-Blitz-January-16-2024"]
[Site "Chess.com"]
[Date "2024.01.16"]
[Round "10"]
[White "RandomNoob04"]
[Black "vi_pranav"]
[Result "0-1"]
[WhiteElo "2591"]
[BlackElo "3008"]
[TimeControl "180+1"]
[EndTime "9:57:41 PST"]
[Termination "vi_pranav won on time"]

1. e4 c6 2. c4 d5 3. exd5 cxd5 4. d4 Nf6 5. Nc3 e6 6. Nf3 Bb4 7. Bd3 O-O 8. O-O dxc4 9. Bxc4 b6 10. Bg5 Bb7 11.
Ne5 Nc6 12. Nxc6 Bxc6 13. d5 exd5 14. Nxd5 Bxd5 15. Bxf6 Qxf6 16. Bxd5 Rad8 17. Qb3 Bc5 18. Rad1 g6 19. Rd3 Kg7 20. g3 Rd7 21. Qc2 Rfd8 22. Rfd1 Re7 23. Rf3 Qe5 24. Qc3 Qxc3 25. Rxc3 Re2 26.
Rf3 f5 27. b3 Rxa2 28. Kf1 h5 29. h4 Rb2 30. Rdd3 a5 31. Bc4 Rxd3 32. Rxd3 Rxf2+ 33. Ke1 Kf6 34. Rd6+ Bxd6 35. Kxf2 g5 36. hxg5+ Kxg5 37. Kf3 h4 38. gxh4+ Kxh4 39. Be6 Kg5 40. Bc8 Kf6 41. Bd7 Ke5 42. Bc8 f4 43. Bd7 Kd4 44. Be6 Kc3 45. Ke4 Kb4 46. Bd5 b5 47. Kd3 a4 48.
bxa4 bxa4 49. Be6 Ka3 50. Kc2 f3 51. Kd3 f2 52. Ke2 Bc5 53. Kf1 Kb2 54. Bd5 a3 0-1

[Event "Early-Titled-Tuesday-Blitz-January-16-2024"]
[Site "Chess.com"]
[Date "2024.01.16"]
[Round "10"]
[White "SharapovEvgeny"]
[Black "laiciffOneslraCsungaM"]
[Result "0-1"]
[WhiteElo "2523"]
[BlackElo "2393"]
[TimeControl "180+1"]
[EndTime "9:57:42 PST"]
[Termination "laiciffOneslraCsungaM won by checkmate"]

1. e4 e6 2. d4 d5 3. Nc3 Nf6 4. e5 Nfd7 5. f4 c5 6. Nf3 Nc6 7. Be3 cxd4 8. Nxd4 Qb6 9. Qd2 Qxb2 10. Rb1 Qa3 11. Bb5 Nxd4 12. Bxd4 a6 13. Bxd7+ Bxd7 14. Rxb7 Bb4 15. O-O Bc8 16. Rb6 O-O 17. Rf3 Qa5 18. f5 exf5 19. Rg3 Be6 20. Qh6 g6 21. Rxe6 fxe6 22.
Rxg6+ hxg6 23. Qxg6+ Kh8 24. Qh6+ Kg8 25. Qxe6+ Rf7 26.
Nxd5 Bc5 27. Nf6+ Kg7 28. Nh5+ Kf8 29. Qh6+ Ke7 30. Qg5+ Kd7 31. e6+ Kxe6 32. Qe3+ Kd7 33. Bxc5 Re8 34. Qd4+ Kc8 35. h3 Qe1+ 36. Kh2 Qe5+ 37.
Qxe5 Rxe5 38. Bd4 Re2 39. a3 f4 40. Kg1 Rxc2 41. Kf1 Rd7 42. Be5 Rd1# 0-1

[Event "Early-Titled-Tuesday-Blitz-January-16-2024"]
[Site "Chess.com"]
[Date "2024.01.16"]
[Round "10"]
[White "pavet"]
[Black "TrompeterImEther"]
[Result "1-0"]
[WhiteElo "2788"]
[BlackElo "2528"]
[TimeControl "180+1"]
[EndTime "9:57:43 PST"]
[Termination "pavet won by resignation"]

1. e4 e5 2. Nf3 Nc6 3. Bc4 Bc5 4. d3 Nf6 5. O-O d6 6. c3 a5 7. Bb3 Ba7 8. Nbd2 h6 9. Re1 Qe7 10. Nf1 Be6 11. Bc2 O-O 12. Ng3 Qd7 13. d4 exd4 14.
cxd4 Bg4 15. Be3 Bxf3 16. gxf3 Ne7 17. Rc1 Qh3 18. Bd3 Ng6 19. Bf1 Qd7 20. Nf5 Rae8 21.
Bh3 Qd8 22. Kh1 Kh7 23. Rg1 Rg8 24. Qd2 Ne7 25. Bxh6 Nxf5 26. Bxf5+ g6 27. Bh3 Bxd4 28. Bg5 Be5 29. Qxa5 b6 30. Qa7 Re7 31. f4 Bxb2 32.
Rc2 Bd4 33. e5 Nd5 34. Bxe7 Qxe7 35. Qb7 Nxf4 36. Rxc7 Qxe5 37. Rxf7+ Rg7 38. Rxg7+ Qxg7 39. Qxg7+ Kxg7 40. Rd1 Bxf2 41. Rxd6 Nxh3 42. Kg2 Bc5 43. Rd7+ Kf6 44. Kxh3 g5 45. Kg4 Be3 46. Rd5 Bf4 47. Rf5+ 1-0

[Event "Early-Titled-Tuesday-Blitz-January-16-2024"]
[Site "Chess.com"]
[Date "2024.01.16"]
[Round "10"]
[White "Anton_Demchenko"]
[Black "BardArtem"]
[Result "1-0"]
[WhiteElo "2992"]
[BlackElo "2817"]
[TimeControl "180+1"]
[EndTime "9:57:44 PST"]
[Termination "Anton_Demchenko won by resignation"]

1. e4 e5 2. Nf3 Nc6 3. Bc4 Bc5 4. d3 Nf6 5. Bg5 h6 6. Bh4 a6 7. c3 Be7 8. Bg3 d6 9. a4 O-O 10. Nbd2 Be6 11. Bxe6 fxe6 12. h3 Nh5 13. O-O Nf4 14.
Bxf4 Rxf4 15. b4 Qf8 16. Qb3 Nd8 17. b5 a5 18. d4 exd4 19. cxd4 c6 20. Rac1 Kh8 21.
Rc3 Rc8 22. Nc4 cxb5 23. Nce5 bxa4 24. Ng6+ Kg8 25. Qxa4 Rxc3 26. Nxf8 Rxf8 27. Qxa5 Rcxf3 28. gxf3 Nc6 29. Qb6 Bd8 30. Qb2 Rxf3 31. Kg2 Rf8 32.
f4 d5 33. Qxb7 Nxd4 34. exd5 Nf5 35. Re1 exd5 36. Qxd5+ Kh8 37. Qc5 Rg8 38. Qxf5 1-0

[Event "Early-Titled-Tuesday-Blitz-January-16-2024"]
[Site "Chess.com"]
[Date "2024.01.16"]
[Round "10"]
[White "Sychev_Klementy"]
[Black "JimDiGrease"]
[Result "0-1"]
[WhiteElo "2774"]
[BlackElo "2978"]
[TimeControl "180+1"]
[EndTime "9:57:44 PST"]
[Termination "JimDiGrease won on time"]

1. d4 d5 2. Nf3 Nf6 3. Bf4 c5 4.
e3 Nc6 5. Nbd2 Qb6 6. dxc5 Qxb2 7. Rb1 Qc3 8. Bb5 e6 9. O-O Be7 10. e4 O-O 11. e5 Nd7 12. Nb3 Qb4 13. Nfd4 Nxd4 14. Nxd4 Qxc5 15. Re1 a6 16. Bd3 g6 17. Nf3 b5 18. h4 Bb7 19. h5 d4 20. Be4 Bxe4 21.
Rxe4 Qc6 22. Rxd4 Rfd8 23. hxg6 hxg6 24. Ng5 Nxe5 25. Rb3 Rxd4 26. Qxd4 Ng4 27. Rh3 Bf6 28. Qd1 Ne5 29. Qe2 Qc4 30. Qe3 Qd5 31. f3 Ng4 32. Qe1 Qd4+ 33. Kh1 Qxf4 0-1

[Event "Early-Titled-Tuesday-Blitz-January-16-2024"]
[Site "Chess.com"]
[Date "2024.01.16"]
[Round "10"]
[White "Quattroporte300"]
[Black "KevinGeorgeMicheal"]
[Result "0-1"]
[WhiteElo "2423"]
[BlackElo "2262"]
[TimeControl "180+1"]
[EndTime "9:57:46 PST"]
[Termination "KevinGeorgeMicheal won by resignation"]

1. e4 e5 2. Nf3 Nc6 3. Nc3 Nf6 4. Bb5 Nd4 5. Bc4 Bb4 6. h3 d6 7. O-O O-O 8. Re1 Be6 9. Bf1 Nxf3+ 10. Qxf3 Nd7 11.
Nd5 Bxd5 12. exd5 Bc5 13. Bd3 g6 14. g4 Qf6 15. Qxf6 Nxf6 16. c4 Rae8 17. Kg2 Kg7 18.
a3 a5 19. b3 Bd4 20. Rb1 Nd7 21. b4 axb4 22. axb4 f5 23. Bb2 Bxb2 24. Rxb2 fxg4 25. hxg4 Rf4 26. f3 Ref8 27. Re3 Nf6 28. Ra2 h5 29.
gxh5 Nxh5 30. Ra7 Rb8 31. Re4 Rf7 32. Bc2 Nf4+ 33. Kg1 b6 34. Re1 Rh8 35. Be4 Kf6 36. Kf2 Rh2+ 37. Ke3 Ng2+ 38. Kd3 Nxe1+ 39. Kc3 Nxf3 40.
c5 Nxd2 41. Bc2 Nf3 42. c6 Nd4 43. Bd3 Rh3 44. Kd2 Nb3+ 45. Ke2 Nc1+ 0-1

[Event "Early-Titled-Tuesday-Blitz-January-16-2024"]
[Site "Chess.com"]
[Date "2024.01.16"]
[Round "10"]
[White "NM_Antelacus"]
[Black "Kopytkin"]
[Result "0-1"]
[WhiteElo "2170"]
[BlackElo "2395"]
[TimeControl "180+1"]
[EndTime "9:57:47 PST"]
[Termination "Kopytkin won by resignation"]

1. e4 c6 2. d4 d5 3. e5 c5 4. dxc5 e6 5. Be3 Nd7 6. Nf3 Ne7 7. c3 Nc6 8. Bd4 Bxc5 9. Bd3 Qb6 10. Bxc5 Nxc5 11. b3 Nxd3+ 12. Qxd3 Bd7 13. O-O O-O-O 14. Re1 h6 15. Nbd2 g5 16. c4 g4 17. Nh4 Be8 18.
Qg3 Qd4 19. Rad1 dxc4 20. bxc4 Rg8 21. Kh1 Rg5 22. f4 gxf3 23. Nhxf3 Rxg3 24. Nxd4 Rd3 25. Nxc6 Bxc6 26. Re2 Ba4 27. Rf1 Rxd2 28. Rxd2 Rxd2 29.
h3 Rd1 30. Rxd1 Bxd1 31. g4 Be2 32. c5 Kc7 33. Kg2 Kc6 34. Kg3 Kxc5 35. Kh4 Bf1 36. Kg3 Kd4 37. h4 Kxe5 38. Kf3 b5 39. Ke3 a5 40. a3 Bh3 41. g5 hxg5 42. hxg5 b4 43.
axb4 axb4 44. Kd3 Bf1+ 0-1

[Event "Early-Titled-Tuesday-Blitz-January-16-2024"]
[Site "Chess.com"]
[Date "2024.01.16"]
[Round "10"]
[White "TregubovP"]
[Black "kidagent"]
[Result "1-0"]
[WhiteElo "2682"]
[BlackElo "2311"]
[TimeControl "180+1"]
[EndTime "9:57:50 PST"]
[Termination "TregubovP won on time"]

1. e4 c6 2. Nf3 d5 3. Nc3 Bg4 4. h3 Bxf3 5. Qxf3 e6 6. g3 Nd7 7.
d4 dxe4 8. Nxe4 Ngf6 9. Bg2 Be7 10.
O-O O-O 11. Rd1 Qb6 12. Be3 Nd5 13. Bd2 Qxd4 14. Bg5 Qxb2 15. Bxe7 Nxe7 16. Rab1 Qxa2 17. Rxb7 Ne5 18. Qc3 N7g6 19. Nd6 Rad8 20. Ra1 Qxa1+ 21. Qxa1 Rxd6 22. Rxa7 Rfd8 23. Ra8 h6 24. Rxd8+ Rxd8 25. h4 h5 26. f4 Ng4 27. Bxc6 Ne3 28. Qa5 Rd1+ 29.
Kf2 Nxc2 30. Ba4 Rd5 31. Qa8+ Kh7 32. Qb7 Nd4 33. Qxf7 Rf5 34. Qd7 e5 35. Bd1 Nf8 36.
Qd5 g6 37. Kg2 Nfe6 38. fxe5 1-0

[Event "Early-Titled-Tuesday-Blitz-January-16-2024"]
[Site "Chess.com"]
[Date "2024.01.16"]
[Round "10"]
[White "GMKrikor"]
[Black "Manukyan_Artak"]
[Result "1-0"]
[WhiteElo "2740"]
[BlackElo "2552"]
[TimeControl "180+1"]
[EndTime "9:57:50 PST"]
[Termination "GMKrikor won on time"]

1. Nf3 g6 2. c4 Bg7 3. e4 c5 4. d4 cxd4 5. Nxd4 Nc6 6. Be3 Nf6 7. Nc3 O-O 8. Be2 d6 9. Nc2 h5 10. h3 Be6 11. O-O Ne5 12. b3 Qa5 13. Bd2 Nc6 14. Rc1 Qd8 15. Be3 Qa5 16. Bd2 Nd7 17. b4 Qd8 18.
Nd5 a5 19. b5 Bxd5 20. exd5 Nb4 21. a3 Nxc2 22. Qxc2 Qc7 23. Rfe1 Nc5 24. Bg5 Bf6 25. Bh6 Bg7 26. Bg5 Bf6 27. Bf4 Be5 28. Be3 Rac8 29.
f4 Bg7 30. f5 a4 31. fxg6 f5 32. Rcd1 Ne4 33. Rf1 Ng3 34. Bd3 Nxf1 35. Rxf1 f4 36. Bf2 1-0

[Event "Early-Titled-Tuesday-Blitz-January-16-2024"]
[Site "Chess.com"]
[Date "2024.01.16"]
[Round "10"]
[White "Rud_Makarian"]
[Black "MikaelyanArman"]
[Result "1-0"]
[WhiteElo "3039"]
[BlackElo "2856"]
[TimeControl "180+1"]
[EndTime "9:57:51 PST"]
[Termination "Rud_Makarian won on time"]

1. d4 d5 2. c4 c6 3. Nf3 Nf6 4. Nc3 e6 5. Bg5 h6 6. Bxf6 Qxf6 7. a3 dxc4 8. e3 b5 9. Ne5 Nd7 10. Nxc6 a6 11. Be2 Bb7 12. Na5 Bxg2 13. Rg1 Qd8 14. Rxg2 Qxa5 15. Kf1 Bd6 16. Rxg7 Ke7 17. Bh5 Raf8 18.
Ne4 Rhg8 19. Rxf7+ Rxf7 20. Bxf7 Kxf7 21. Qh5+ Ke7 22.
Qh4+ Kf8 23. Qxh6+ Rg7 24. Nxd6 Qd2 25. Ne8 Qd3+ 26. Ke1 Kxe8 27. Qxg7 c3 28. Qg8+ Nf8 29. b4 Qd2+ 30. Kf1 c2 31. Kg2 Qd1 32. Rxd1 cxd1=Q 33.
Qg3 1-0

[Event "Early-Titled-Tuesday-Blitz-January-16-2024"]
[Site "Chess.com"]
[Date "2024.01.16"]
[Round "10"]
[White "ValentinDragnev"]
[Black "bitter-cikolata"]
[Result "1-0"]
[WhiteElo "2776"]
[BlackElo "2567"]
[TimeControl "180+1"]
[EndTime "9:57:51 PST"]
[Termination "ValentinDragnev won by resignation"]

1. e4 e5 2. Nf3 Nc6 3. Bb5 a6 4. Ba4 Nf6 5. O-O Be7 6. Re1 b5 7. Bb3 O-O 8. c3 d5 9. exd5 Nxd5 10. Nxe5 Nxe5 11. Rxe5 c6 12. Re1 Bd6 13. d3 Qh4 14. g3 Qh3 15. Re4 Nf6 16. Rh4 Qf5 17. d4 Ng4 18. Qe2 Qg6 19. Bc2 f5 20. Nd2 Be6 21.
f3 Nh6 22. Nf1 Rae8 23. Qf2 Qf6 24. Bf4 Bxf4 25. gxf4 Bc4 26. Bb3 Re2 27. Qxe2 Bxb3 28. Rxh6 Qxh6 29. axb3 Qxf4 30. Qe3 Qh4 31. Rxa6 Qf6 32.
d5 Qg6+ 33. Kh1 Qh5 34. Rxc6 f4 35. Qe6+ Kh8 36. Qg4 Qxd5 37. Rc8 Qf7 38. Rxf8+ Qxf8 39. Qe6 h6 40. Nd2 Qc5 41. Qe8+ Kh7 42. Qe4+ 1-0